 Dungeon Crawl Stone Soup version 0.26-a0-812-g31a745ddcd (webtiles) character file.

Game seed: 16631896713733615815

434 ipx the Digger (level 6, -3/48 HPs)
             Began as a Deep Elf Earth Elementalist on Dec 9, 2020.
             Was an Initiate of Ashenzari.
             Slain by a hound (5 damage)
             ... on level 5 of the Dungeon.
             The game lasted 00:16:11 (976 turns).

ipx the Digger (Deep Elf Earth Elementalist)         Turns: 976, Time: 00:16:12

Health: -3/48      AC:  4    Str:  5    XL:     6   Next: 68%
Magic:  6/12       EV: 10    Int: 22    God:    Ashenzari [......]
Gold:   172        SH:  0    Dex: 15    Spells: 1/11 levels left

rFire    . . .     SeeInvis .   a - +2 dagger (speed) (curse)
rCold    . . .     Faith    .   (no shield)
rNeg     . . .     Spirit   .   c - +0 robe
rPois    .         Reflect  .   j - +1 helmet
rElec    .         Harm     .   (no cloak)
rCorr    .         Rampage  .   (no gloves)
MR       .....                  (no boots)
Stlth    ..........             (no amulet)
HPRegen  0.16/turn              (no ring)
MPRegen  0.13/turn              (no ring)

@: berserking, constricted, very quick
A: no striking features
a: Curse Item, Renounce Religion


You were on level 5 of the Dungeon.
You worshipped Ashenzari.
Ashenzari was noncommittal.
You visited 1 branch of the dungeon, and saw 5 of its levels.

You collected 172 gold pieces.

Inventory:

Hand Weapons
 a - a cursed +2 dagger of speed (weapon)
Missiles
 b - 18 stones (quivered)
Armour
 c - a +0 robe (worn)
 j - a +1 helmet (worn)
Jewellery
 i - an uncursed ring of ice
Scrolls
 f - a scroll of teleportation
 g - a scroll of enchant armour
 o - a scroll of amnesia
Potions
 d - a potion of magic
 h - 2 potions of curing
 k - a potion of berserk rage
 m - 2 potions of might
 n - a potion of degeneration
 p - a potion of ambrosia


   Skills:
 - Level 2.4 Dodging
 - Level 2.4 Stealth
 - Level 3.0 Spellcasting
 - Level 3.0 Conjurations
 + Level 2.2 Transmutations
 + Level 7.3 Earth Magic


You had one spell level left.
You knew the following spells:

 Your Spells              Type           Power        Failure   Level
q - Sandblast             Erth           #####.       1%          1
r - Stone Arrow           Conj/Erth      ####..       4%          3
t - Petrify               Tmut/Erth      ###.....     17%         4
w - Passwall              Tmut/Erth      ###.....     2%          2

Your spell library contained the following spells:

 Spells                   Type           Power        Failure   Level
 Corona                   Hex            #......      12%         1
 Lee's Rapid Deconstruct  Erth           #####.....   17%         5
 Ensorcelled Hibernation  Hex/Ice        #.....       19%         2
 Dazzling Flash           Conj/Hex       #.....       21%         3
 Confusing Touch          Hex            #.......     36%         3
 Tukima's Dance           Hex            #.......     36%         3


Dungeon Overview and Level Annotations

Branches:
Dungeon (5/15)             Temple (0/1) D:5

Altars:
Ashenzari
Cheibriados
Okawaru

Annotations:
D:5 Duvessa


Message History

The ball python closely misses you. The ball python constricts you.
Duvessa hits you with a +0 short sword!
* * * LOW HITPOINT WARNING * * *
The hound bites you.
* * * LOW HITPOINT WARNING * * *
You feel much better.
The ball python bites you but does no damage.
The ball python constricts you. Duvessa hits you with a +0 short sword!
The hound bites you. The ball python misses you.
The ball python constricts you.
A red film seems to cover your vision as you go berserk!
You feel yourself moving faster!
You feel mighty! Duvessa hits you with a +0 short sword!
* * * LOW HITPOINT WARNING * * *
The hound closely misses you. Duvessa hits you with a +0 short sword!
* * * LOW HITPOINT WARNING * * *
The ball python bites you but does no damage.
* * * LOW HITPOINT WARNING * * *
The ball python constricts you. The hound bites you.
You die...

#...).......#####
#.........#.... ########
#...<.....####.. #.......
#.........# #############.##....
#.......#####...........######..
##...####8...........).......###
##### #......................#
#.....#########.........
##..###@h.....####......
#....eS..!.... ###....
#.......!8?... #....
###......$.... #....
####?......# ##... #########
#... #..# ####


You could see Duvessa (berserk), a hound and a ball python.

Vanquished Creatures
  An ice beast (D:5)
  2 scorpions
  Dowan (D:5)
  A hound (D:4)
  An iguana (D:3)
  A worker ant (D:4)
  6 adders
  An ooze (D:2)
  A dart slug (D:3)
  2 leopard geckos
  6 orcs
  6 goblins
  7 hobgoblins
  3 kobolds
  2 quokkas (D:3)
  8 bats
  9 rats
58 creatures vanquished.

Notes
Turn   | Place    | Note
-------+----------+-------------------------------------------
     0 | D:1      | ipx the Deep Elf Earth Elementalist began the quest for the
                  | Orb.
     0 | D:1      | Reached XP level 1. HP: 10/10 MP: 6/6
   136 | D:1      | Reached XP level 2. HP: 15/15 MP: 4/8
   140 | D:1      | Learned a level 2 spell: Passwall
   156 | D:2      | Reached skill level 4 in Earth Magic
   215 | D:2      | Reached XP level 3. HP: 19/19 MP: 1/9
   302 | D:2      | Reached skill level 5 in Earth Magic
   337 | D:2      | Found a snail-covered altar of Cheibriados.
   371 | D:3      | Reached XP level 4. HP: 13/24 MP: 0/10
   448 | D:3      | Found an iron altar of Okawaru.
   571 | D:3      | Reached skill level 6 in Earth Magic
   576 | D:3      | Learned a level 3 spell: Stone Arrow
   641 | D:4      | Reached skill level 1 in Conjurations
   641 | D:4      | Reached XP level 5. HP: 22/28 MP: 0/11
   644 | D:4      | Found a broken altar of Ashenzari.
   650 | D:4      | Became a worshipper of Ashenzari the Shackled
   764 | D:5      | Entered Level 5 of the Dungeon
   811 | D:5      | Noticed an ice beast
   816 | D:5      | Killed an ice beast
   816 | D:5      | Reached skill level 7 in Earth Magic
   816 | D:5      | Reached XP level 6. HP: 32/32 MP: 6/12
   822 | D:5      | Learned a level 4 spell: Petrify
   855 | D:5      | Found a staircase to the Ecumenical Temple.
   962 | D:5      | Noticed Duvessa
   962 | D:5      | Noticed Dowan
   970 | D:5      | Killed Dowan
   976 | D:5      | HP: 2/48 [ball python (1)]
   976 | D:5      | Slain by a hound

Illustrated notes

Levels and vault maps discovered:
D:1:      psy_arrival_heroes, layout_rooms
D:2:      layout_rooms, kennysheep_slug_shrine
D:3:      layout_loops_ring, nicolae_overflow_crystal_walls, okawaru_trees_2
D:4:      layout_loops_ring, led_sif_pool, nicolae_tso_swordbearing_angel,
          ashenzari_altar_1
D:5:      kennysheep_spiral_hall, layout_rooms, nicolae_dithmenos_shadow_blocks,
          minmay_temple_entry_junction, uniq_duvessa

Skill      XL: |  1  2  3  4  5  6 |
---------------+-------------------+-----
Earth Magic    | 4 5 6 7 |  7.3
Conjurations   | 1 3 |  3.0
Transmutations | 2 |  2.2
Dodging        | |  2.4
Stealth        | |  2.4
Spellcasting   | |  3.0

Action                   |  1- 3 |  4- 6 || total
-------------------------+-------+-------++-------
Melee: Spear             |       |     5 ||     5
       Dagger            |       |     5 ||     5
       Unarmed           |       |     2 ||     2
 Cast: Sandblast         |    37 |    38 ||    75
       Stone Arrow       |       |     5 ||     5
       Passwall          |       |     2 ||     2
Invok: Curse Item        |       |     1 ||     1
  Use: Scroll            |     2 |     8 ||    10
       Potion            |     2 |     3 ||     5
 Stab: Sleeping          |       |     4 ||     4
Armor: Robe              |     3 |     5 ||     8
Dodge: Dodged            |     7 |    12 ||    19

Table legend: (Time is in decaauts)
 A = Elapsed time spent in this place.
 B = Non-inter-level travel time spent in this place.
 C = Inter-level travel time spent in this place.
 D = Time resting spent in this place.
 E = Time spent auto-exploring this place.
 F = Levels seen in this place.
 G = Mean time per level.
                   A        B        C        D        E       F      G
               +--------+--------+--------+--------+--------+-----+--------+
         Total |    979 |    979 |      0 |      0 |      0 |   5 |  195.8 |
       Dungeon |    979 |    979 |      0 |      0 |      0 |   5 |  195.8 |
               +--------+--------+--------+--------+--------+-----+--------+

Top non-repeatable levels by time:
     D:3: 253 daAuts
     D:2: 224 daAuts
     D:5: 210 daAuts
     D:1: 165 daAuts
     D:4: 126 daAuts
